 Dungeon Crawl Stone Soup version 0.31-a0-188-g5e087ee2ca (webtiles) character file.

Game seed: 16014171109188412331

621 Hubris850 the Ducker (level 7, 0/43 HPs)
             Began as a Tengu Ice Elementalist on June 23, 2023.
             Killed from afar by an orc wizard (9 damage)
             ... with a puff of flame
             ... on level 5 of the Dungeon.
             The game lasted 00:13:42 (3716 turns).

Hubris850 the Ducker (Tengu Ice Elementalist)       Turns: 3716, Time: 00:13:42

Health: 0/43       AC:  4    Str:  8    XL:     7   Next: 46%
Magic:  7/12       EV: 16    Int: 17    God:
Gold:   266        SH:  0    Dex: 15    Spells: 5/12 levels left

rFire   . . .        o - +2 spear (flame)
rCold   + . .        (no shield)
rNeg    . . .        q - +0 leather armour {rF+}
rPois   .            (helmet restricted)
rElec   .            x - +0 cloak
rCorr   .            (no gloves)
SInv    .            (boots unavailable)
Will    .....        e - amulet of the acrobat
Stlth   ++           t - ring of ice
HPRegen 0.27/turn    (no ring)
MPRegen 0.13/turn

%: acrobat
@: freezing walls, flying quickly and evasively, quick
A: beak, talons 3, nimble flight
a: no special abilities


You were on level 5 of the Dungeon.
You visited 1 branch of the dungeon, and saw 5 of its levels.

You collected 266 gold pieces.

Inventory:

Hand Weapons
 c - a +0 club
 g - a +0 dagger
 n - a +0 short sword
 o - a +2 spear of flaming (weapon)
 B - a +0 dagger of venom
 C - a +1 quarterstaff of draining
Missiles
 f - 2 atropa-tipped darts
Armour
 a - a +0 robe
 q - a +0 leather armour of fire resistance (worn)
 x - a +0 cloak (worn)
Magical Staves
 l - a staff of earth
Jewellery
 e - an amulet of the acrobat (around neck)
 t - a ring of ice (left hand)
Scrolls
 i - a scroll of noise {unknown}
 j - a scroll of fog
 k - 3 scrolls of blinking
 r - a scroll of poison {unknown}
 u - a scroll of amnesia {unknown}
 v - a scroll of vulnerability {unknown}
 y - a scroll of teleportation {unknown}
Potions
 b - a potion of magic
 d - a potion of brilliance
 h - a potion of ambrosia
 m - a potion of experience
 p - a potion of cancellation
 s - a potion of mutation {unknown}
 w - a potion of degeneration {unknown}
 z - a potion of curing {unknown}
 A - a potion of lignification {unknown}
 D - a potion of invisibility {unknown}


   Skills:
 - Level 4.0 Fighting
 + Level 5.8 Dodging
 - Level 3.0 Stealth
 + Level 3.1 Spellcasting
 + Level 4.3 Ice Magic


You had 5 spell levels left.
You knew the following spells:

 Your Spells              Type           Power      Damage    Failure   Level
a - Freeze                Ice            100%       1d10      4%          1
b - Frozen Ramparts       Ice            52%        1d8       13%         3
c - Ozocubu's Armour      Ice            26%        N/A       13%         3

Your spell library contained the following spells:

 Spells                   Type           Power      Damage    Failure   Level
 Magic Dart               Conj           8%         1d3       26%         1
 Searing Ray              Conj           4%         2d4       36%         2
 Summon Ice Beast         Ice/Summ       15%        N/A       71%         4
 Animate Armour           Summ/Erth      4%         N/A       94%         4
 Fulminant Prism          Conj/Hex       1%         3d5       94%         4
 Summon Lightning Spire   Summ/Air       2%         N/A       94%         4
 Blade Hands              Tmut           1%         N/A       100%        5


Dungeon Overview and Level Annotations

Branches:
Dungeon (5/15)
 Temple: D:4-7

Altars:
Wu Jian

Shops:
D:2 =   D:3 =


Innate Abilities, Weirdness & Mutations

You have a beak for a mouth.
You have claws for feet.
Your magical nature lets you fly swiftly and evasively.


Message History

The wall freezes the orc priest.
Unknown command.
An orc priest comes into view. It is wielding a +0 short sword.
The wall freezes the orc priest.
The wall freezes the orc wizard.
The wall freezes the orc priest but does no damage.
The wall freezes the orc wizard.
The orc wizard casts a spell at you. The magic dart hits you.
The orc priest calls upon Beogh to heal the orc priest.
The wall freezes the orc priest.
The orc priest mumbles some strange prayers to Beogh against you.
Beogh smites you!
The wall freezes the orc wizard.
You kill the orc wizard!
Unknown command.
You are too confused!
Unknown command.
The wall freezes the orc priest.
The wall freezes something.
The wall freezes the orc priest.
The orc priest hits you with a +0 club.
The wall freezes something.
The frozen ramparts melt away.
You feel less confused.
The orc priest casts a cantrip, but nothing happens.
Something closely misses you.
Casting: Frozen Ramparts (dangerous; 13% risk of failure)
Confirm with . or Enter, or press ? or * to list all spells.
Casting: Frozen Ramparts (dangerous; 13% risk of failure)
Press: ? - help, Dir - look around, f - activate You feel a surge of power!
The walls around you are covered in ice.
The wall freezes the orc priest.
The orc priest calls down the wrath of Beogh upon you.
Beogh smites you!
The wall freezes the orc priest.
The orc priest invokes the aid of Beogh against you.
Pain shoots through your body!
* * * LOW HITPOINT WARNING * * *
The wall freezes something.
You hear some strange, mumbled words.
A puff of flame appears from out of thin air!
The puff of flame hits you!
You die...

#. ##.###. #. ###
#..(..#. #. #..
.#....... #.#
##.#####..P..... ..
........PP.PP.. #.
##...##.P....P..
######{##.....#..P.8.PP.
....o.o@......#.........
######.##.....#..P.PP...
#. ##>.........P... #.
##.###...†...## #. #.#
#..###### #.####.###..#
#...........#
#########.##...####
###########.##
#.........#


You could see 2 orc priests.

Vanquished Creatures
  A centaur (D:3)
  A phantom (D:2)
  A scorpion (D:4)
  An orc priest (D:4)
  2 hounds
  A jelly (D:4)
  A sleepcap (D:4)
  4 orc wizards
  7 adders
  A worm (D:4)
  4 dart slugs
  11 orcs
  3 ball pythons
  6 endoplasms
  A giant cockroach (D:1)
  7 goblins
  5 hobgoblins
  5 jackals
  7 kobolds
  5 quokkas
  4 bats (D:1)
  5 frilled lizards
  7 rats
90 creatures vanquished.

Notes
Turn   | Place    | Note
-------+----------+-------------------------------------------
     0 | D:1      | Hubris850 the Tengu Ice Elementalist began the quest for
                  | the Orb.
     0 | D:1      | Reached XP level 1. HP: 10/10 MP: 4/4
   115 | D:1      | Reached XP level 2. HP: 16/16 MP: 1/6
   240 | D:1      | Reached skill level 1 in Fighting
   517 | D:1      | Reached XP level 3. HP: 20/20 MP: 7/7
   711 | D:1      | Learned a level 3 spell: Frozen Ramparts
   731 | D:2      | Found Ezoepo's Jewellery Emporium.
   850 | D:2      | Reached skill level 3 in Dodging
  1044 | D:2      | Reached XP level 4. HP: 10/26 MP: 6/8
  1048 | D:2      | Learned a level 3 spell: Ozocubu's Armour
  1690 | D:3      | Noticed a phantom
  1705 | D:2      | Killed a phantom
  1706 | D:2      | Reached skill level 4 in Dodging
  1706 | D:2      | Gained mutation: Your magical nature lets you fly swiftly
                  | and evasively. [Tengu growth]
  1706 | D:2      | Reached XP level 5. HP: 21/32 MP: 9/9
  2000 | D:3      | Noticed a centaur
  2011 | D:3      | Killed a centaur
  2011 | D:3      | HP: 1/32 [frozen (2)]
  2012 | D:3      | Reached XP level 6. HP: 1/38 MP: 6/10
  2265 | D:3      | Reached skill level 5 in Dodging
  2402 | D:3      | Found Tistiatorph's Jewellery Emporium.
  2814 | D:4      | Reached XP level 7. HP: 35/43 MP: 11/11
  3302 | D:4      | Found an ornate altar of the Wu Jian Council.
  3361 | D:5      | Entered Level 5 of the Dungeon
  3716 | D:5      | Killed from afar by an orc wizard

Illustrated notes

Levels and vault maps discovered:
D:1:      lightli_arrival_farm, layout_rooms, minmay_heptomino_l4
D:2:      minmay_wonky_spiral, layout_loops_ring, serial_shops,
          nicolae_shop_waterfront
D:3:      layout_loops_cross, serial_shops, shop
D:4:      layout_rooms, nzn_wu_jian_council_hall
D:5:      layout_loops_ring, nicolae_dithmenos_through_a_glass_darkly,
          dreamdust_mushroom_princess, uniq_grinder

Skill      XL: |  1  2  3  4  5  6  7 |
---------------+----------------------+-----
Fighting       | 1 2 3 4 |  4.0
Dodging        | 3 4 5 |  5.8
Stealth        | 3 |  3.0
Ice Magic      | 4 |  4.3
Spellcasting   | 3 |  3.1

Action                     |  1- 3 |  4- 6 |  7- 9 || total
---------------------------+-------+-------+-------++-------
  Melee: Club              |     3 |       |       ||     3
         Unarmed           |     2 |       |       ||     2
         Dagger            |    15 |       |       ||    15
         Spear             |    25 |    91 |    54 ||   170
         Kick              |     5 |    24 |    10 ||    39
         Peck              |     3 |    16 |    11 ||    30
         Punch             |       |     4 |     2 ||     6
   Cast: Freeze            |    16 |       |       ||    16
         Frozen Ramparts   |       |     6 |     2 ||     8
         Ozocubu's Armour  |       |     1 |       ||     1
    Use: Scroll            |       |       |     6 ||     6
   Stab: Sleeping          |     9 |     6 |     3 ||    18
 Armour: Robe              |     3 |       |       ||     3
         Leather armour    |     1 |    24 |     4 ||    29
  Dodge: Dodged            |    19 |    69 |    33 ||   121

Table legend: (Time is in decaauts)
 A = Elapsed time spent in this place.
 B = Non-inter-level travel time spent in this place.
 C = Inter-level travel time spent in this place.
 D = Time resting spent in this place.
 E = Time spent auto-exploring this place.
 F = Levels seen in this place.
 G = Mean time per level.
                   A        B        C        D        E       F      G
               +--------+--------+--------+--------+--------+-----+--------+
         Total |   3613 |   3471 |    142 |    396 |   2435 |   5 |  722.6 |
       Dungeon |   3613 |   3471 |    142 |    396 |   2435 |   5 |  722.6 |
               +--------+--------+--------+--------+--------+-----+--------+

Top non-repeatable levels by time:
     D:2: 1065 daAuts
     D:3: 866 daAuts
     D:1: 744 daAuts
     D:4: 608 daAuts
     D:5: 328 daAuts
